 Dungeon Crawl Stone Soup version 0.29-a0-334-gb41bcbb86e (webtiles) character file.

Game seed: 7834106535351651764

104 siradein the Bolt Thrower (level 4, -3/40 HPs)
             Began as a Naga Hunter on Apr 15, 2022.
             Slain by a gnoll
             ... wielding a +0 spear
              (7 damage)
             ... on level 2 of the Dungeon.
             The game lasted 00:02:51 (1253 turns).

siradein the Bolt Thrower (Naga Hunter)             Turns: 1253, Time: 00:02:52

Health: -3/40      AC:  3    Str: 13    XL:     4   Next: 80%
Magic:  4/4        EV: 10    Int:  9    God:
Gold:   91         SH:  0    Dex: 17    Spells: 3/3 levels left

rFire   . . .      SeeInvis +   a - +1 hand crossbow
rCold   . . .      Faith    .   (no shield)
rNeg    . . .      Spirit   .   b - +0 leather armour
rPois   +          Reflect  .   (no helmet)
rElec   .          Harm     .   (no cloak)
rCorr   .          Rampage  .   (no gloves)
Will    .....                   (no barding)
Stlth   ++........              (no amulet)
HPRegen 0.13/turn               (no ring)
MPRegen 0.09/turn               (no ring)

@: short of breath, very slow
A: AC +1, large, see invisible, deformed body, poison resistance, slowness 2,
spit poison 1, naga tail 1
a: Spit Poison


You were on level 2 of the Dungeon.
You visited 1 branch of the dungeon, and saw 2 of its levels.

You collected 91 gold pieces.

Inventory:

Hand Weapons
 a - a +1 hand crossbow (weapon)
Armour
 b - a +0 leather armour (worn)
Scrolls
 c - a scroll of immolation
 d - 2 scrolls of teleportation {unknown}
 f - a scroll of vulnerability {unknown}
 h - 2 scrolls of magic mapping {unknown}
 i - a scroll of enchant armour {unknown}
 j - a scroll of blinking {unknown}
 l - a scroll of identify {unknown}
Potions
 e - a potion of attraction {unknown}
 g - a potion of resistance {unknown}
 k - a potion of might {unknown}
 m - a potion of heal wounds {unknown}


   Skills:
 + Level 2.9 Fighting
 + Level 4.1 Crossbows
 + Level 1.4 Armour
 + Level 2.3 Dodging
 - Level 1.5 Stealth


You had 3 spell levels left.
You didn't know any spells.
Your spell library was empty.

Dungeon Overview and Level Annotations

Branches:
Dungeon (2/15)

Altars:

Shops:
D:1 (


Innate Abilities, Weirdness & Mutations

Your serpentine skin is tough. (AC +1)
You have supernaturally acute eyesight. (SInv)
Armour fits poorly on your strangely shaped body.
Your system is resistant to poisons. (rPois)
You cover ground very slowly.
You can spit poison.
You have a snake-like lower body.


Message History

Aim: a gnoll, wielding a +0 club (lightly wounded, 69% to hit)
You shoot a bolt.
The bolt hits the gnoll but does no damage.
The gnoll is lightly wounded.
The gnoll hits you with a +0 club.
* * * LOW HITPOINT WARNING * * *
Shoot: a) +1 hand crossbow
Press: ? - help, Q - select action, (/) - cycle Shift-Dir - straight line, f/p - gnoll
Aim: a gnoll, wielding a +0 club (lightly wounded, 69% to hit)
You shoot a bolt. The bolt hits the gnoll!
The gnoll is almost dead.
You have got your breath back.
The gnoll hits you with a +0 club.
* * * LOW HITPOINT WARNING * * *
Shoot: a) +1 hand crossbow
Press: ? - help, Q - select action, (/) - cycle Shift-Dir - straight line, f/p - gnoll
Aim: a gnoll, wielding a +0 club (almost dead, 69% to hit)
You shoot a bolt. The bolt barely misses the gnoll.
The bolt hits the gnoll.
The gnoll is almost dead.
The gnoll barely misses you. The gnoll closely misses you.
Shoot: a) +1 hand crossbow
Press: ? - help, Q - select action, (/) - cycle Shift-Dir - straight line, f/p - gnoll
Aim: a gnoll, wielding a +0 club (almost dead, 69% to hit)
You shoot a bolt. The bolt hits the gnoll.
You kill the gnoll!
Unknown command.
Shoot: a) +1 hand crossbow
Press: ? - help, Q - select action, (/) - cycle Shift-Dir - straight line, f - gnoll
Aim: a gnoll, wielding a +0 flail (almost dead, 69% to hit)
You shoot a bolt. The bolt hits the gnoll.
You kill the gnoll!
The gnoll hits you from afar with a +0 spear.
* * * LOW HITPOINT WARNING * * *
Aiming: Spit Poison (1% risk of failure)
Press: ? - help, Shift-Dir - straight line, f - gnoll
Aim: a gnoll, wielding a +0 spear (lightly wounded, 65% to hit)
The splash of poison hits the gnoll.
The gnoll is poisoned.
The gnoll is moderately wounded.
The gnoll hits you from afar with a +0 spear!
You die...

## ##.###...##... .+
#........##... ##
#..####...#... # #..#
#.#.#... # #.######..#
#.#..... # #.........#
#.##...# #####
#.######.#####.##....
.....
#########.......###..†
.....
#.gg)@................
.....
#.##################.†
..... #.# ...... .....
#g# ####>. ..... .g.
### ##### #.... #....#
#....# #...##


You could see 2 gnolls.

Vanquished Creatures
  A hound (D:2)
  2 gnolls (D:2)
  An adder (D:2)
  A dart slug (D:1)
  5 ball pythons
  7 endoplasms
  A giant cockroach (D:2)
  2 goblins (D:1)
  A hobgoblin (D:2)
  2 jackals (D:2)
  5 kobolds (D:1)
  2 quokkas (D:1)
  5 bats
  3 frilled lizards
  2 rats (D:1)
40 creatures vanquished.

Notes
Turn   | Place    | Note
-------+----------+-------------------------------------------
     0 | D:1      | siradein the Naga Hunter began the quest for the Orb.
     0 | D:1      | Reached XP level 1. HP: 19/19 MP: 1/1
    47 | D:1      | Reached XP level 2. HP: 26/26 MP: 2/2
    91 | D:1      | Found Munoez's Weapon Shop.
   291 | D:1      | Reached XP level 3. HP: 33/33 MP: 3/3
   514 | D:2      | Reached skill level 4 in Crossbows
   514 | D:2      | Reached skill level 1 in Armour
   514 | D:2      | Reached XP level 4. HP: 3/40 MP: 4/4
  1253 | D:2      | Slain by a gnoll

Illustrated notes

Levels and vault maps discovered:
D:1:      sevenhm_arrival_forest_fort_small_6, layout_basic, serial_shops, shop
D:2:      layout_basic, minmay_misc_feat_rows, grunt_decor_cap,
          kennysheep_minor_cross

Skill      XL: |  1  2  3 |
---------------+----------+-----
Dodging        | 2 |  2.3
Crossbows      | 4 |  4.1
Armour         | 1 |  1.4
Fighting       | |  2.9
Stealth        | |  1.5

Action                   |  1- 3 |  4- 6 || total
-------------------------+-------+-------++-------
 Fire: Hand crossbow     |    52 |    39 ||    91
 Abil: Spit Poison       |     1 |     3 ||     4
Armor: Leather armour    |     5 |     3 ||     8
Dodge: Dodged            |    15 |    10 ||    25

Table legend: (Time is in decaauts)
 A = Elapsed time spent in this place.
 B = Non-inter-level travel time spent in this place.
 C = Inter-level travel time spent in this place.
 D = Time resting spent in this place.
 E = Time spent auto-exploring this place.
 F = Levels seen in this place.
 G = Mean time per level.
                   A        B        C        D        E       F      G
               +--------+--------+--------+--------+--------+-----+--------+
         Total |   1593 |   1567 |     26 |      0 |   1350 |   2 |  796.5 |
       Dungeon |   1593 |   1567 |     26 |      0 |   1350 |   2 |  796.5 |
               +--------+--------+--------+--------+--------+-----+--------+

Top non-repeatable levels by time:
     D:2: 974 daAuts
     D:1: 618 daAuts
